AoeStats
← [CL] Al3jandr0.magn00

Arabia

503676370Analyzed
1v1 RM · 1mo ago on Sep 1, 2026· 28m 46s· 2 players
Game mode
Random Map
Map size
Tiny (2 player)
Population
200
Speed
Normal
Resources
Standard
Victory
Conquest
Starting age
Dark Age
Ending age
Imperial Age
RankedLock teamsTeams togetherTeam positionsShared explorationLock speedFull tech treeHidden civsTurbo modeCheats
Victory
Defeat
🇦🇷 Gurjaras · Argentina
1844
+19
🇦🇷 Vietnamese · Argentina
1905
-19
Tobi
5:56 Loom
9:03 Feudal Age
10:15 Double-Bit Axe
11:07 Horse Collar
19:28 Wheelbarrow
22:20 Castle Age
20:23 Fletching
21:13 Padded Archer Armor
24:24 Scale Barding Armor
28:55 Husbandry
29:20 Bodkin Arrow
[CL] Al3jandr0.magn00
6:25 Loom
9:08 Feudal Age
9:15 Man-at-Arms
15:43 Double-Bit Axe
17:43 Fletching
23:39 Castle Age
22:05 Horse Collar
22:43 Gold Mining
23:51 Crossbowman
24:38 Bodkin Arrow
Connection lost

Rejoining the realm…

Still unreachable

The connection could not be restored.

Session expired

The server has moved on; the page needs a fresh start.